Map: Whirlwind LE (Void)

Players

Nero

  • Race: Terran Terran
  • League: Gold
  • Spawn Location: 11:00

Fropez - Winner!

  • Race: Protoss Protoss
  • League: Gold
  • Spawn Location: 7:00

VOD

Have the link to the VOD?

Description

Time

  • Played on: Jan. 19, 2017, 4:47 p.m.
  • Length: 13:16
Show
View Real Time Build Order
Export as new Build Order

Nero Terran 

Build Orders: MMM Bio 

Get SALT Encoding   

  12  0:01  SCV  
  13  0:13  SCV  
  14  0:18  Supply Depot  
  14  0:25  SCV  
  15  0:40  SCV  
  16  0:43  Barracks  
  16  0:49  Refinery  
  16  0:52  SCV  
  17  1:04  SCV  
  18  1:16  SCV  
  19  1:30  Marine  
  20  1:32  Orbital Command  
  20  1:45  Command Center  
  20  1:57  Barracks Reactor  
  20  1:59  Supply Depot  
  21  2:01  SCV  
  21  2:16  SCV  
  21  2:22  Barracks  
  22  2:24  Barracks  
  22  2:31  SCV  
  23  2:40  Marine x2  
  23  2:41  Supply Depot  
  23  2:43  SCV  
  26  2:55  SCV  
  26  2:57  Factory  
  27  2:59  Marine x2  
  29  3:14  Barracks Tech Lab  
  29  3:15  Marine  
  29  3:18  Orbital Command  
  29  3:21  SCV  
  29  3:23  Refinery  
  30  3:28  Engineering Bay  
  30  3:33  Marine x2  
  32  3:38  Stimpack  
  32  3:40  SCV  
  33  3:44  SCV  
  34  3:50  Marine  
  34  3:53  Marauder  
  34  3:54  Marine  
  34  3:55  Marine  
  39  4:00  SCV x2  
  41  4:05  Missile Turret  
  41  4:09  Missile Turret  
  41  4:13  SCV x2  
  43  4:17  Starport  
  43  4:19  Marine  
  44  4:25  SCV, Terran Infantry Weapons Level 1  
  44  4:29  SCV  
  46  4:32  Marauder  
  46  4:37  Marine  
  49  4:38  Marine  
  49  4:39  Marine  
  49  4:40  SCV  
  52  4:50  SCV  
  52  4:52  SCV  
  54  5:00  Supply Depot  
  54  5:01  Supply Depot  
  54  5:05  Refinery  
  54  5:06  Missile Turret  
  54  5:08  Refinery  
  53  5:22  Medivac  
  52  5:36  SCV  
  52  5:37  SCV  
  52  5:39  Marine x2  
  52  5:41  Barracks Reactor, Marauder  
  58  5:42  Factory Tech Lab  
  58  5:55  Starport Reactor  
  58  5:57  Command Center  
  58  5:59  SCV x2  
  60  6:07  Bunker  
  60  6:10  Marine x2  
  64  6:11  Marauder  
  59  6:43  Marine x3  
  59  6:44  Siege Tank, Marauder  
  67  6:53  Terran Infantry Armor Level 1  
  67  6:54  Barracks  
  67  6:57  Barracks, Engineering Bay  
  67  6:58  Barracks  
  50  7:22  Marine x3  
  49  7:25  SCV x2  
  55  7:32  Siege Tank, Medivac  
  55  7:33  Medivac  
  62  7:40  Marine  
  62  7:41  Armory  
  62  7:43  Barracks Tech Lab  
  61  7:44  Barracks Tech Lab, Armory  
  61  7:45  Barracks Reactor  
  61  7:47  SCV x2  
  65  7:58  Marauder  
  65  7:59  Marine x3  
  65  8:00  Marine  
  65  8:03  Supply Depot  
  65  8:04  SCV x2  
  65  8:05  Supply Depot  
  71  8:10  Marauder x2  
  71  8:11  Siege Tank  
  75  8:44  Marine  
  75  8:45  Marine x6  
  75  8:46  Marauder x2  
  86  8:51  Orbital Command  
  86  8:59  Siege Tank, Medivac x2  
  93  9:06  Marine  
  93  9:07  Marine x5  
  93  9:08  Marauder  
  101  9:14  Supply Depot  
  101  9:16  Supply Depot  
  101  9:17  Supply Depot  
  101  9:19  SCV  
  101  9:22  SCV  
  101  9:23  Marauder x2  
  106  9:25  Command Center  
  68  9:55  Marine x7  
  68  9:56  Siege Tank, Marauder x2  
  68  9:57  Medivac x2  
  68  9:58  SCV x3  
  83  10:08  Terran Infantry Armor Level 2  
  83  10:28  Marine x2  
  83  10:29  Marine x4  
  83  10:30  Marauder x3  
  83  10:32  Concussive Shells, Combat Shields  
  85  10:52  SCV  
  85  10:53  SCV x2  
  85  10:55  Marine x3  
  85  10:56  Marine x3  
  89  11:05  SCV  
  90  11:12  Planetary Fortress  
  90  11:20  Missile Turret x2  
  90  11:22  SCV  
  90  11:23  Marine, SCV, Missile Turret x2  
  90  11:24  Missile Turret  
  93  11:26  SCV  
  93  11:27  Missile Turret  
  94  11:40  SCV x2  
  94  11:41  SCV  
  97  11:48  Refinery  
  97  11:49  Refinery  
  97  11:52  SCV  
  96  12:07  SCV x3  
  99  12:14  Marine  
  99  12:15  Marine x6  
  90  12:16  Marauder x2  
  91  12:39  SCV  
  91  12:40  SCV x3  
  74  12:52  SCV  
Show
View Real Time Build Order
Export as new Build Order

Fropez Protoss - Winner!

Build Orders: 1 Gate Expand 

Get SALT Encoding   

  12  0:01  Probe (Chrono Boost)  
  13  0:12  Probe (Chrono Boost)  
  14  0:22  Probe (Chrono Boost)  
  14  0:27  Pylon  
  15  0:45  Probe (Chrono Boost), Gateway  
  16  0:50  Assimilator  
  16  0:56  Probe (Chrono Boost)  
  17  1:06  Probe (Chrono Boost)  
  18  1:17  Probe (Chrono Boost)  
  19  1:26  Nexus  
  20  1:40  Pylon  
  20  1:42  Assimilator  
  19  1:48  Cybernetics Core  
  19  1:52  Probe (Chrono Boost)  
  20  2:02  Probe (Chrono Boost)  
  21  2:13  Probe (Chrono Boost)  
  22  2:23  Probe (Chrono Boost)  
  22  2:24  Gateway  
  22  2:29  Warp Gate  
  23  2:30  Pylon  
  23  2:34  Probe (Chrono Boost)  
  24  2:38  Mothership Core (Chrono Boost)  
  24  2:40  Adept  
  28  2:48  Probe (Chrono Boost)  
  28  2:54  Gateway  
  28  2:58  Probe (Chrono Boost)  
  29  3:00  Probe (Chrono Boost)  
  30  3:11  Probe (Chrono Boost)  
  31  3:16  Pylon  
  31  3:24  Probe (Chrono Boost)  
  31  3:25  Probe (Chrono Boost)  
  33  3:34  Adept  
  33  3:35  Adept  
  39  3:41  Adept  
  39  3:44  Pylon, Probe (Chrono Boost)  
  39  3:47  Probe (Chrono Boost)  
  41  3:51  Robotics Facility  
  41  4:01  Adept, Probe (Chrono Boost)  
  41  4:02  Adept  
  46  4:04  Assimilator  
  46  4:12  Adept, Probe (Chrono Boost)  
  49  4:17  Probe (Chrono Boost)  
  50  4:27  Pylon, Probe (Chrono Boost)  
  51  4:42  Adept x2  
  55  4:47  Probe (Chrono Boost)  
  55  4:49  Probe (Chrono Boost)  
  55  4:50  Assimilator  
  57  4:53  Stalker  
  57  4:56  Observer  
  57  4:58  Probe (Chrono Boost)  
  62  5:01  Probe (Chrono Boost)  
  62  5:03  Twilight Council  
  62  5:08  Pylon, Probe (Chrono Boost)  
  62  5:13  Probe (Chrono Boost)  
  60  5:17  Warp Prism  
  60  5:19  Probe (Chrono Boost)  
  57  5:38  Adept x3  
  57  5:41  Probe (Chrono Boost)  
  65  5:43  Pylon, Probe (Chrono Boost)  
  65  5:53  Immortal  
  65  5:54  Robotics Bay  
  69  6:04  Adept x2  
  69  6:05  Adept  
  69  6:11  Resonating Glaives  
  74  6:18  Pylon  
  74  6:20  Pylon  
  74  6:32  Immortal  
  78  6:40  Adept x3  
  86  6:47  Probe x2 (Chrono Boost)  
  86  7:01  Nexus  
  84  7:04  Pylon  
  76  7:14  Adept x3  
  76  7:20  Robotics Facility  
  74  7:23  Pylon  
  74  7:31  Pylon  
  74  7:32  Assimilator  
  74  7:36  Pylon  
  74  7:38  Adept x3  
  74  7:41  Probe x2 (Chrono Boost)  
  82  7:46  Colossus  
  88  7:52  Gateway  
  88  7:53  Probe x2 (Chrono Boost)  
  88  7:55  Pylon  
  90  8:02  Adept x3  
  98  8:05  Probe (Chrono Boost)  
  98  8:06  Probe (Chrono Boost)  
  96  8:34  Adept x2  
  96  8:35  Adept, Extended Thermal Lance  
  96  8:37  Probe x2 (Chrono Boost)  
  96  8:38  Probe (Chrono Boost)  
  105  8:44  Assimilator  
  105  8:50  Colossus  
  105  8:52  Colossus  
  117  8:59  Gateway  
  117  9:01  Forge x2  
  117  9:10  Probe (Chrono Boost)  
  117  9:11  Probe (Chrono Boost)  
  117  9:12  Probe (Chrono Boost)  
  120  9:18  Sentry x4  
  99  9:54  Adept x4  
  99  9:55  Probe (Chrono Boost)  
  99  9:56  Probe (Chrono Boost)  
  99  9:57  Probe (Chrono Boost)  
  106  10:06  Probe (Chrono Boost), Protoss Ground Weapons Level 1, Protoss Ground Armor Level 1  
  107  10:09  Probe (Chrono Boost)  
  107  10:12  Nexus, Colossus  
  114  10:15  Sentry, Assimilator  
  114  10:16  Sentry x2  
  114  10:20  Stalker x2  
  124  10:40  Adept x3  
  124  11:04  Adept x5  
  134  11:11  Colossus x2  
  134  11:17  Pylon  
  146  11:20  Gateway  
  146  11:24  Probe (Chrono Boost)  
  146  11:25  Probe x2 (Chrono Boost)  
  149  11:28  Adept x2  
  149  11:29  Adept x3  
  159  11:55  Adept x5  
  169  12:06  Observer x2  
  171  12:19  Adept x4  
  171  12:20  Adept  
Tags
 
Composition
MMM Bio
League
GoldGold
Matchup
PvT
Replay Pack
From the laptop
Spawn Locations
Close Positions
Add a new tag
Caveats
  • Supply blocks, unpowered buildings, or Contaminate may cause inaccurate times.
  • Supply counts are checked every 10 seconds.